 Dungeon Crawl Stone Soup version 0.29.0-4-gdea44cf6ec (webtiles) character file.

Game seed: 17153602841587541156

15 qw the Chopper (level 2, -1/17 HPs)
             Began as a Tengu Warper on Aug 28, 2022.
             Succumbed to a kobold's poison
             ... on level 1 of the Dungeon.
             The game lasted 00:00:03 (573 turns).

qw the Chopper (Tengu Warper)                        Turns: 573, Time: 00:00:03

Health: -1/17      AC:  3    Str: 11    XL:     2   Next: 50%
Magic:  6/6        EV: 11    Int: 13    God:
Gold:   11         SH:  0    Dex: 13    Spells: 5/5 levels left

rFire   . . .      SeeInvis .   a - +0 hand axe
rCold   . . .      Faith    .   (no shield)
rNeg    . . .      Spirit   .   b - +0 leather armour
rPois   .          Reflect  .   (helmet restricted)
rElec   .          Harm     .   (no cloak)
rCorr   .          Rampage  .   (no gloves)
Will    .....                   (boots unavailable)
Stlth   +.........              (no amulet)
HPRegen 0.05/turn               (no ring)
MPRegen 0.10/turn               (no ring)

@: lethally poisoned (-1 -> -15)
A: beak, talons 3
a: no special abilities


You were on level 1 of the Dungeon.
You visited 1 branch of the dungeon, and saw 1 of its levels.

You collected 33 gold pieces.
You spent 22 gold pieces at shops.


Innate Abilities, Weirdness & Mutations

You have a beak for a mouth.
You have claws for feet.


   Skills:
 - Level 2.0 Fighting
 + Level 3.3 Axes
 - Level 1.0 Throwing
 - Level 1.1 Armour
 - Level 2.1 Dodging
 - Level 2.0 Spellcasting
 - Level 2.4 Translocations


You had 5 spell levels left.
You didn't know any spells.
Your spell library contained the following spells:

 Spells                   Type           Power      Damage    Failure   Level
 Blink                    Tloc           14%        N/A       19%         2
 Gell's Gravitas          Tloc           7%         N/A       36%         3
 Lesser Beckoning         Tloc           7%         N/A       36%         3
 Teleport Other           Tloc           7%         N/A       36%         3
 Manifold Assault         Tloc           7%         N/A       98%         5

Inventory:

Hand Weapons
 a - a +0 hand axe (weapon)
Armour
 b - a +0 leather armour (worn)
 g - a +0 cloak
 l - a scarf of harm
 m - a +0 ring mail
Scrolls
 c - a scroll of blinking
 d - a scroll of brand weapon {unknown}
 h - a scroll of vulnerability {unknown}
 j - a scroll of poison {unknown}
 k - a scroll of teleportation {unknown}
 n - a scroll of identify
Potions
 e - a potion of heal wounds {unknown}
 f - a potion of brilliance {unknown}
 i - a potion of experience {unknown}

Dungeon Overview and Level Annotations

Branches:
Dungeon (1/15)

Altars:

Shops:
D:1 [?


Message History

There is an open door here.
You open the door.
Found a faded altar of an unknown god.
There is an open door here.
You open the door.
There is an open door here.
There is a faded altar of an unknown god here.
You open the door.
There is an open door here.
You open the door.
There is an open door here.
There is an open door here.
There is an open door here.
There is a faded altar of an unknown god here.
There is an open door here.
There is an open door here.
There is an open door here.
There is an entrance to Sid Yrgho's Magic Scroll Shoppe here.
You open the door.
There is an open door here.
A kobold comes into view. It is wielding a +4 dagger of venom.
Found 13 gold pieces.
The kobold shouts!
A kobold is nearby!
A rat comes into view.
569 ||| Stepping ~*~*~tactically~*~*~ (stealth).
570 ||| Stepping ~*~*~tactically~*~*~ (stealth).
The kobold attacks as you move away!
The kobold hits you with a +4 dagger of venom.
You are lethally poisoned!
You feel very sick.
571 ||| Stepping ~*~*~tactically~*~*~ (stealth).
You feel sick.
You closely miss the kobold.
You feel sick.
The kobold hits you with a +4 dagger of venom.
You are more poisoned.
You barely miss the kobold. You peck the kobold.
You kill the kobold!
You die...

#......##.##....#............
#............#......##..#....
#...................#.....>..
#......##.............#......
#(###.##.....)...........####
# #. #..............#...###
#. #........^...........# #.
##..........#.#...##.#
##..@........#..###..
####)..#.....)......
##..#.)...........#
#...###............
........## #.........###
.....#... #...........%
.......... #.........#..
......###...............
$.r.#$ ..$ ......)....


There were no monsters in sight!

Vanquished Creatures
  A dart slug (D:1)
  2 bats (D:1)
  An endoplasm (D:1)
  A giant cockroach (D:1)
  3 hobgoblins (D:1)
  A quokka (D:1)
  2 kobolds (D:1)
  A rat (D:1)
12 creatures vanquished.

Notes
Turn   | Place    | Note
-------+----------+-------------------------------------------
     0 | D:1      | qw the Tengu Warper began the quest for the Orb.
     0 | D:1      | Reached XP level 1. HP: 12/12 MP: 4/4
     0 | D:1      | 0 ||| qw: Version: 0.1-a-89-g26bdef1
     0 | D:1      | 0 ||| qw: Game counter: 1235
     0 | D:1      | 0 ||| qw: Always use a shield: true
     0 | D:1      | 0 ||| qw: God list: Okawaru
     0 | D:1      | 0 ||| qw: Allow faded altars: false
     0 | D:1      | 0 ||| qw: Do Orc after D:15 true
     0 | D:1      | 0 ||| qw: Do second Lair branch before Depths: true
     0 | D:1      | 0 ||| qw: Lair rune preference: random
     0 | D:1      | 0 ||| qw: Plans: Normal
     0 | D:1      | 0 ||| PLANNING D:1-11
    70 | D:1      | Found Zaeshriawn's Antique Armour Shoppe.
    89 | D:1      | 89 ||| SHOPLISTING pair of gloves (94 gold, have 16).
    89 | D:1      | 89 ||| SHOPLISTING ring mail (84 gold, have 16).
    89 | D:1      | 89 ||| SHOPLISTING translucent chain mail (199 gold, have
                  | 16).
   124 | D:1      | Reached XP level 2. HP: 17/17 MP: 6/6
   126 | D:1      | Reached skill level 3 in Axes
   145 | D:1      | 145 ||| Stepping ~*~*~tactically~*~*~ (hiding).
   247 | D:1      | 247 ||| Stepping ~*~*~tactically~*~*~ (hiding).
   349 | D:1      | 349 ||| Stepping ~*~*~tactically~*~*~ (hiding).
   434 | D:1      | Found Sid Yrgho's Magic Scroll Shoppe.
   437 | D:1      | 437 ||| SHOPLISTING scroll of acquirement (572 gold, have
                  | 33).
   437 | D:1      | 437 ||| SHOPLISTING scroll of enchant armour (82 gold, have
                  | 33).
   437 | D:1      | 437 ||| BUYING scroll of identify (22 gold).
   437 | D:1      | Bought a scroll of identify for 22 gold pieces
   437 | D:1      | 437 ||| SHOPLISTING scroll of identify (22 gold, have 11).
   437 | D:1      | 437 ||| SHOPLISTING scroll of teleportation (33 gold, have
                  | 11).
   447 | D:1      | Found a faded altar of an unknown god.
   569 | D:1      | 569 ||| Stepping ~*~*~tactically~*~*~ (stealth).
   570 | D:1      | 570 ||| Stepping ~*~*~tactically~*~*~ (stealth).
   571 | D:1      | 571 ||| Stepping ~*~*~tactically~*~*~ (stealth).
   572 | D:1      | HP: 3/17 [kobold/+4 dagger of venom (3)]
   573 | D:1      | Succumbed to a kobold's poison

Levels and vault maps discovered:
D:1:      dpeg_arrival_prison, layout_rooms, serial_shops,
          nicolae_shop_behind_doors, nicolae_shop_window_shopping,
          shapermc_ecumenical_altar_ellora, minmay_pentomino_z2

Skill      XL: |  1  2 |
---------------+-------+-----
Axes           | 3 |  3.3
Fighting       | |  2.0
Throwing       | |  1.0
Armour         | |  1.1
Dodging        | |  2.1
Spellcasting   | |  2.0
Translocations | |  2.4

Action                   || total
-------------------------++-------
Melee: Hand axe          ||    16
       Kick              ||     6
       Peck              ||     1
Throw: Boomerang         ||     7
Armor: Leather armour    ||     4
Dodge: Dodged            ||     8

Table legend:
 A = Non-vault XP
 B = Vault XP
 C = Vault XP percentage of total XP
 D = Non-vault monster count
 E = Vault monster count
 F = Vault count percentage of total count
                 A         B        C        D         E       F
            +---------+---------+-------+---------+---------+-------
      Total |      18 |       5 |  21.7 |       9 |       3 |  25.0
            +---------+---------+-------+---------+---------+-------
        D:1 |      18 |       5 |  21.7 |       9 |       3 |  25.0
            +---------+---------+-------+---------+---------+-------
